 Dungeon Crawl Stone Soup version 0.32-a0-933-ga8fa3634e4 (webtiles) character file.

Game seed: 4037486863000344515

117318 Lurud the Brawler (level 14, -38/111 (129) HPs)
             Began as a Red Draconian Shapeshifter on Mar 21, 2024.
             Was a High Priest of Ru.
             Shot with a bolt by Vashnia (42 damage)
             ... on level 2 of the Snake Pit on Apr 14, 2024.
             The game lasted 01:40:55 (29871 turns).

Lurud the Brawler (Red Draconian Shapeshifter)     Turns: 29871, Time: 01:40:55

HP:   -38/111 (129) AC: 14    Str: 27    XL:     14   Next: 22%
MP:   9/17          EV: 19    Int: 14    God:    Ru [*****.]
Gold: 518           SH:  0    Dex: 12    Spells: 7/17 levels left

rFire   . .          .
                       - Unarmed
rCold   + . .        (shield currently unavailable)
rNeg    . . .        (body armour unavailable)
rPois   +            L - +2 hat of Theory {^Contam Will+++ rCorr SInv}
rElec   .            o - +1 cloak of Life {rCorr}
rCorr   +            (gloves currently unavailable)
SInv    +            Y - +2 pair of slick slippers {slick, slippery, EV+4}
Will    +++++        T - amulet of the acrobat Stlth
                     M - ring of Fang {Ice ^Drain +Blink Str+3 Stlth+}
HPRegen 0.38/turn    B - ring "Itotheaq" {rPois Will+ Str+3 Int+4}
MPRegen 0.15/turn

%: acrobat
@: mighty, exhausted, blade hands, heavily drained
A: combustion breath, AC +8, unfitting armour, fire resistance 1, cold-blooded,
no stealth, hated by all, no fire magic, no hexes magic, no summoning magic,
inexperienced 2
a: Combustion Breath, Begin Untransformation, Renounce Religion, Evoke Blink,
Draw Out Power, Power Leap, Apocalypse


You were on level 2 of the Snake Pit.
You worshipped Ru.
Ru was extremely pleased with you.
You had blades for hands.
You visited 4 branches of the dungeon, and saw 24 of its levels.
You also visited: Ossuary, Bailey, Gauntlet and Ice Cave.

You collected 2066 gold pieces.
You spent 1548 gold pieces at shops.

Inventory:

Missiles
 d - 232 stones (quivered)
 A - 7 javelins
 E - 2 atropa-tipped darts
 J - a curare-tipped dart
 O - 2 throwing nets
 Q - 12 silver javelins
Armour
 e - a +0 kite shield of cold resistance
 l - a +1 pair of gloves
 o - the +1 cloak of Life (worn) {rCorr}
   (You found it on level 12 of the Dungeon)

   rCorr:     It protects you from acid and corrosion.
 z - a scarf of repulsion
 L - the +2 hat of Theory (worn) {^Contam Will+++ rCorr SInv}
   (You found it in a Gauntlet)

   Will+++:   It greatly increases your willpower.
   SInv:      It lets you see invisible.
   ^Contam:   It causes magical contamination when unequipped.
   rCorr:     It protects you from acid and corrosion.
 Y - the +2 pair of slick slippers (worn) {slick, slippery, EV+4}
   (You found it on level 1 of the Lair of Beasts)

   Slick:     Its wearer cannot be constricted, engulfed, netted, webbed, or
   stopped by binding sigils.
   Slippery:  Its wearer slips away from damaging melee attacks, pulling the
   attacker onward.
   EV+4:      It affects your evasion (+4).
Jewellery
 p - a +6 ring of strength
 B - the ring "Itotheaq" (right blade hand) {rPois Will+ Str+3 Int+4}
   (You bought it in a shop on level 2 of the Orcish Mines)

   [ring of poison resistance]

   Str+3:     It affects your strength (+3).
   Int+4:     It affects your intelligence (+4).
   rPois:     It protects you from poison.
   Will+:     It increases your willpower.
 D - a ring of resist corrosion
 G - a ring of see invisible
 M - the ring of Fang (left blade hand) {Ice ^Drain +Blink Str+3 Stlth+}
   (You found it on level 1 of the Lair of Beasts)

   [ring of ice]

   Ice:       It enhances your ice magic.
   Str+3:     It affects your strength (+3).
   rF-:       It makes you vulnerable to fire.
   rC+:       It protects you from cold.
   +Blink:    It lets you blink.
   ^Drain:    It drains your maximum health when unequipped.
   Stlth+:    It makes you more stealthy.
 T - an amulet of the acrobat (around neck)
 W - a ring of positive energy
Talismans
 c - a flux talisman
 i - a blade talisman (active)
Wands
 q - a wand of light (2)
 x - a wand of polymorph (2)
 N - a wand of roots (27)
 R - a wand of mindburst (2)
 S - a wand of flame (19)
Scrolls
 h - a scroll of brand weapon
 j - 3 scrolls of immolation
 k - 5 scrolls of enchant armour
 m - 2 scrolls of vulnerability
 n - 9 scrolls of teleportation
 s - 3 scrolls of fear
 w - a scroll of poison
 y - 2 scrolls of amnesia
 C - a scroll of silence
 I - 2 scrolls of revelation
 Z - 2 scrolls of fog
Potions
 a - 7 potions of lignification
 f - 3 potions of resistance
 g - 10 potions of curing
 r - 3 potions of enlightenment
 t - 2 potions of cancellation
 u - a potion of brilliance
 v - 2 potions of haste
 H - 2 potions of ambrosia
 K - 2 potions of magic
 V - a potion of invisibility {unknown}
Miscellaneous
 b - a lightning rod (4/4)


   Skills:
 + Level 13.3 Fighting
 * Level 4.2 Throwing
 + Level 11.4 Dodging
 + Level 15.2 Unarmed Combat
 + Level 2.1 Spellcasting
 - Level 7.2 Necromancy
 - Level 6.1 Ice Magic
 - Level 7.3 Evocations
 + Level 13.3 Shapeshifting


You had 7 spell levels left.
You knew the following spells:

 Your Spells              Type           Power      Damage    Failure   Level
a - Fugue of the Fallen   Necr           21%        N/A       3%          3
b - Ozocubu's Armour      Ice            28%        N/A       5%          3
c - Dispel Undead         Necr           21%        3d11      12%         4

Your spell library contained the following spells:

 Spells                   Type           Power      Damage    Failure   Level
 Freeze                   Ice            100%       1d10      1%          1
 Sublimation of Blood     Necr           21%        N/A       1%          2
 Frozen Ramparts          Ice            56%        1d9       5%          3
 Cigotuvi's Dreadful Rot  Necr/Alch/Air  16%        N/A       13%         2
 Hailstorm                Conj/Ice       15%        3d6       21%         3
 Static Discharge         Conj/Air       2%         3-4/arc   34%         2
 Stone Arrow              Conj/Erth      2%         3d7       56%         3
 Borgnjor's Vile Clutch   Necr/Erth      5%         N/A       83%         5
 Airstrike                Air            0%         2d(1-17)  93%         4
 Petrify                  Alch/Erth      1%         N/A       93%         4
 Irradiate                Conj/Alch      0%         3d11      100%        5
 Manifold Assault         Tloc           0%         N/A       100%        7
 Orb of Destruction       Conj           0%         9d5       100%        7
 Ozocubu's Refrigeration  Ice            14%        4d10      100%        7
 Lehudib's Crystal Spear  Conj/Erth      0%         10d2      100%        8
 Polar Vortex             Ice            14%        12d1*     100%        9
 Animate Dead             Necr           Unusable   N/A       N/A         4
 Martyr's Knell           Necr/Summ      Unusable   N/A       N/A         4
 Death Channel            Necr           Unusable   N/A       N/A         6
 Animate Armour           Summ/Erth      Unusable   N/A       N/A         4
 Summon Blazeheart Golem  Fire/Summ      Unusable   N/A       N/A         4
 Summon Lightning Spire   Summ/Air       Unusable   N/A       N/A         4
 Sculpt Simulacrum        Ice/Alch       Unusable   N/A       N/A         6
 Spellforged Servitor     Conj/Summ      Unusable   N/A       N/A         7

Dungeon Overview and Level Annotations

Branches:
Dungeon (15/15)            Temple (0/1) D:6            Lair (5/5) D:10
  Swamp (0/4) Lair:3        Snake (2/4) Lair:2        Slime (0/5) Lair:4
    Orc (2/2) D:11            Elf (0/3) Orc:2        Vaults (0/5) D:13
 Depths (0/4) D:15        Ossuary (visited)          Bailey (visited)
  IceCv (visited)         Gauntlet (visited)

Altars:
Ashenzari
Dithmenos
Nemelex Xobeh
Okawaru
Ru
Wu Jian
Lugonu

Shops:
D:4 =   D:5 *   D:6 !   D:15 *   Orc:2 :=::

Portals:
Abyss: Lair:5

Annotations:
Snake:2 Vashnia


Innate Abilities, Weirdness & Mutations

You have blades for hands.
You are incapable of wielding weapons or throwing items.
You can breathe blasts of explosive embers.
Your fiery red scales are hard. (AC +8)
You cannot fit into any form of body armour.
Your flesh is heat resistant. (rF+)
You are cold-blooded and may be slowed by cold attacks.
You cannot be stealthy.
You are hated by all.
You cannot study or cast Fire magic.
You cannot study or cast Hexes magic.
You cannot study or cast Summoning magic.
You are inexperienced. (-2 XL)


Message History

You hear a shout! x2
You slice the naga sharpshooter!!
You kill the naga sharpshooter!
You start resting.
A naga sharpshooter comes into view. It is wielding a +0 short sword.
You slash the naga sharpshooter!
The naga sharpshooter is lightly wounded.
You slash the naga sharpshooter!
The naga sharpshooter is moderately wounded.
The naga sharpshooter begins to cast a spell, but is stunned by your conviction!
You closely miss the naga sharpshooter. You tail-slap the naga sharpshooter.
The naga sharpshooter is moderately wounded.
You shred the naga sharpshooter!!!
The naga sharpshooter is almost dead.
The naga sharpshooter begins to cast a spell, but is stunned by your conviction!
You slice the naga sharpshooter!!
You kill the naga sharpshooter!
You start resting.
Vashnia the Elite Marksnaga comes into view.
She is wielding a +4 halberd of venom and wearing a +2 barding of fire resistance.
Activating: Apocalypse
Press: ? - help, Dir - look around, f - activate You reveal the great annihilating truth to your foes!
Vashnia doubts her magic when faced with ultimate truth!
You feel drained.
You feel very mighty all of a sudden.
Vashnia unwields a +4 halberd of venom.
It stops dripping with poison.
Vashnia wields a +2 arbalest of flaming.
It bursts into flame!
Vashnia shoots a bolt.
The bolt hits you!!
* * * LOW HITPOINT WARNING * * *
The bolt burns you.
* * * LOW HITPOINT WARNING * * *
You slice Vashnia!!
Vashnia is heavily wounded.
Vashnia begins to cast a spell, but is stunned by your conviction!
You slash Vashnia!
Vashnia is heavily wounded.
Vashnia shoots a bolt.
The bolt hits you!!!
You die...
Vashnia says, "Intruder eliminated."
Ru respects your ultimate sacrifice.

### ##N##
##§#@# ##§###.#
##.## #.# ##.##
#.# #. ##.##
#.# #...####.##
#.#
......†N#######
#.#
####..........#
## #...##.....#


You could see Vashnia (magic disrupted).

Vanquished Creatures
  Frances (D:13)
  Agnes (D:14)
  An orc warlord (Orc:2)
  A minotaur (Gauntlet)
  Snorg (D:12)
  Josephine (Lair:4)
  8 hydras
  Erolcha (D:12)
  Harold (D:10)
  An ogre mage (D:14)
  An ice dragon (D:11)
  A rakshasa (D:15)
  10 vault guards
  A catoblepas (Lair:4)
  6 centaur warriors
  3 boulder beetles (D:15)
  10 two-headed ogres
  4 anacondas
  2 merfolk aquamancers (D:12)
  A tengu warrior (D:15)
  2 thrashing horrors (Lair:5)
  2 death scarabs (Gauntlet)
  Urug (D:13)
  An orc high priest (Orc:2)
  3 naga sharpshooters
  A naga warrior (Snake:1)
  2 skysharks
  A fire crab (Lair:4)
  A spectral death yak (Gauntlet)
  2 sea snakes
  A death drake (shapeshifter) (D:13)
  3 naga ritualists (D:15)
  A deep elf pyromancer (D:14)
  A spectral hydra (Gauntlet)
  Pikel (D:7)
  2 large abominations (Lair:5)
  2 necromancers
  2 deep elf zephyrmancers (D:15)
  4 orc knights (Orc:2)
  8 ugly things
  A manticore (shapeshifter) (D:12)
  2 cyclopes (D:11)
  2 guardian serpents
  3 manticores
  A kobold blastminer (Orc:2)
  9 black mambas
  An ice statue (IceCv)
  3 smoke demons (Lair:5)
  A water nymph (D:12)
  The ghost of tajemnic the Ruffian, a novice DrSh (D:5)
  10 cane toads
  8 rime drakes
  2 unseen horrors
  Jeremiah (D:9)
  An efreet (D:14)
  A kobold demonologist (D:12)
  4 freezing wraiths (IceCv)
  12 ice devils (IceCv)
  5 tengu conjurers
  8 komodo dragons
  7 trolls
  Prince Ribbit (Bailey)
  A polar bear (shapeshifter) (D:15)
  Grinder (D:4)
  3 hornets
  7 saltlings (Orc:2)
  28 blink frogs
  A raiju (Lair:5)
  6 polar bears
  6 slime creatures (D:15)
  A spriggan (Lair:5)
  A water elemental (D:14)
  6 centaur simulacra
  A culicivora (shapeshifter) (Lair:5)
  5 wraiths
  A vampire (D:11)
  45 yaks
  19 basilisks
  4 dire elephant simulacra (IceCv)
  A ynoxinul (Lair:5)
  7 wyverns
  2 steam dragons
  5 death yak simulacra (IceCv)
  4 humans (Bailey)
  A chaos spawn (Lair:5)
  18 vampire mosquitoes
  A warg (Orc:2)
  3 nagas
  2 swamp worms (Lair:3)
  2 acid dragons
  3 hydra simulacra (IceCv)
  12 water moccasins
  13 small abominations (Lair:5)
  3 black bears
  17 orc warriors
  2 ice beasts
  2 sky beasts
  An ice dragon simulacrum (Gauntlet)
  6 ogres
  13 wolves
  15 centaurs
  3 phantoms
  4 lemures (D:7)
  6 kobold brigands
  21 bullfrogs
  A two-headed ogre simulacrum (IceCv)
  2 gnoll sergeants
  A water moccasin zombie (Ossuary)
  5 scorpions
  3 cane toad simulacra (IceCv)
  10 wights
  5 elephant simulacra (IceCv)
  3 killer bees (D:7)
  4 howler monkeys
  4 electric eels
  4 bombardier beetles
  2 bullfrog zombies (Ossuary)
  3 centaur zombies
  7 hounds
  12 orc priests
  Ijyb (D:4)
  19 orc wizards
  A scorpion zombie (Ossuary)
  7 iguanas
  3 sleepcaps
  A troll simulacrum (IceCv)
  8 hell rats (Lair:4)
  A spriggan simulacrum (IceCv)
  A boggart skeleton (D:15)
  2 polar bear simulacra (IceCv)
  5 wolf simulacra (IceCv)
  3 ogre zombies (Ossuary)
  3 hound zombies (D:4)
  2 hound skeletons (D:4)
  Robin (D:4)
  10 gnolls
  10 adders
  A shadow imp (D:7)
  4 white imps
  An ufetubus (D:5)
  6 adder zombies
  An adder skeleton (D:4)
  2 ribbon worms
  3 dart slugs (D:1)
  60 orcs
  9 bats
  8 endoplasms
  2 gnoll zombies (Ossuary)
  22 goblins
  15 hobgoblins
  2 jackals (D:3)
  9 quokkas
  7 ball pythons
  2 frilled lizards (D:1)
  4 goblin zombies (Ossuary)
  4 hobgoblin zombies (Ossuary)
  12 kobolds
  3 orc zombies (Ossuary)
  2 rats (D:1)
807 creatures vanquished.

Vanquished Creatures (others)
  A black bear (D:10)
  A killer bee (D:7)
2 creatures vanquished.

Grand Total: 809 creatures vanquished

Notes
Turn   | Place    | Note
-------+----------+-------------------------------------------
     0 | D:1      | Lurud the Draconian Shapeshifter began the quest for the
                  | Orb.
     0 | D:1      | Reached XP level 1. HP: 16/16 MP: 1/1
   153 | D:1      | Reached XP level 2. HP: 23/23 MP: 2/2
   290 | D:1      | Reached skill level 4 in Unarmed Combat
   333 | D:1      | You fall into a shaft and drop 1 floor!
   364 | D:2      | Reached XP level 3. HP: 22/28 MP: 3/3
  1053 | D:2      | Reached XP level 4. HP: 35/35 MP: 4/4
  1264 | D:3      | Reached skill level 5 in Unarmed Combat
  1922 | D:4      | Noticed a gnoll sergeant
  1945 | D:4      | Killed a gnoll sergeant
  1946 | D:4      | Reached skill level 6 in Unarmed Combat
  1946 | D:4      | Reached XP level 5. HP: 10/40 MP: 5/5
  2155 | D:4      | Reached XP level 6. HP: 24/47 MP: 6/6
  2176 | D:4      | Found a sand-covered staircase.
  2185 | D:4      | Reached skill level 7 in Unarmed Combat
  2191 | Ossuary  | Entered an ossuary
  2495 | Ossuary  | Reached skill level 8 in Unarmed Combat
  2500 | Ossuary  | Your scales start taking on a fiery red colour.
  2500 | Ossuary  | Reached XP level 7. HP: 21/52 MP: 7/7
  2500 | Ossuary  | Gained mutation: Your flesh is heat resistant. (rF+) [Red
                  | Draconian growth]
  2632 | Ossuary  | Noticed a silent spectre
  2743 | D:4      | Found an ornate altar of the Wu Jian Council.
  2839 | D:4      | Noticed Ijyb
  2856 | D:4      | Killed Ijyb
  3241 | D:4      | Reached skill level 9 in Unarmed Combat
  3424 | D:4      | Found Koext's Jewellery Shoppe.
  3431 | D:4      | Noticed Robin
  3454 | D:4      | Killed Robin
  3800 | D:4      | Noticed Grinder
  3817 | D:4      | Killed Grinder
  3818 | D:4      | Reached XP level 8. HP: 43/59 MP: 8/8
  3981 | D:5      | Entered Level 5 of the Dungeon
  3991 | D:5      | Reached skill level 10 in Unarmed Combat
  4136 | D:5      | Noticed a two-headed ogre
  4138 | D:5      | Noticed tajemnic's ghost (novice DrSh)
  4142 | D:5      | Found a transporter.
  4227 | D:5      | Found a transporter.
  4245 | D:5      | Found Atsas's General Store.
  4265 | D:5      | Bought a scroll of identify for 28 gold pieces
  4905 | D:5      | Found a broken altar of Ashenzari.
  4905 | D:5      | Found a hazy altar of Hepliaklqana.
  4905 | D:5      | Found an ornate altar of the Wu Jian Council.
  4905 | D:5      | Found an iron altar of Okawaru.
  4912 | D:5      | Found a basalt altar of Yredelemnul.
  4914 | D:5      | Found a sacrificial altar of Ru.
  4926 | D:5      | Became a worshipper of Ru the Awakened
  5287 | D:7      | Reached XP level 9. HP: 63/69 MP: 9/9
  5474 | D:7      | Reached skill level 5 in Shapeshifting
  5857 | D:6      | Found Wikaluph's Distillery.
  5932 | D:6      | Bought a potion of curing for 33 gold pieces
  5932 | D:6      | Bought a potion of degeneration for 11 gold pieces
  5932 | D:6      | Bought a potion of resistance for 110 gold pieces
  5956 | D:6      | Found a staircase to the Ecumenical Temple.
  6893 | D:7      | Reached skill level 5 in Fighting
  7096 | D:7      | Noticed Pikel
  7127 | D:7      | Killed Pikel
  7278 | D:7      | Found a sparkling altar of Nemelex Xobeh.
  7384 | D:8      | Noticed a two-headed ogre
  7391 | D:8      | Killed a two-headed ogre
  7392 | D:8      | Reached skill level 5 in Dodging
  7392 | D:8      | Reached XP level 10. HP: 58/83 MP: 10/10
  7727 | D:8      | Gained mutation: You are somewhat inexperienced. (-1 XL)
                  | [Ru sacrifice]
  7727 | D:8      | Reached XP level 9. HP: 19/75 MP: 9/9
  7727 | D:8      | Reached * piety under Ru
  7958 | D:8      | Identified the +2 mace of Conformity {freeze, rPois rN+
                  | Dex+3}
  7981 | D:8      | Noticed a centaur warrior
  7993 | D:8      | Noticed a deep elf pyromancer
  7996 | D:8      | Killed a centaur warrior
  8001 | D:8      | Noticed a six-headed hydra
  8228 | D:5      | Killed a two-headed ogre
  8244 | D:5      | Killed tajemnic's ghost
  8426 | D:5      | Bought a ring of see invisible for 210 gold pieces
  8474 | D:8      | Noticed a manticore
  8484 | D:8      | Killed a manticore
  8485 | D:8      | Reached skill level 11 in Unarmed Combat
  8673 | D:8      | Found a shadowy altar of Dithmenos.
  8735 | D:8      | Killed a six-headed hydra
  9167 | D:8      | Reached XP level 10. HP: 72/88 MP: 10/10
  9573 | D:9      | Found a flagged portal.
  9579 | Bailey   | Entered a bailey
  9856 | Bailey   | Reached skill level 1 in Evocations
  9935 | Bailey   | Noticed Prince Ribbit
  9935 | Bailey   | Noticed a vault guard
  9942 | Bailey   | Killed Prince Ribbit
  9955 | Bailey   | Killed a vault guard
 10061 | Bailey   | Noticed a vault guard
 10075 | Bailey   | Killed a vault guard
 10293 | D:9      | Reached skill level 12 in Unarmed Combat
 10431 | D:9      | Noticed Jeremiah
 10456 | D:9      | Killed Jeremiah
 10811 | D:10     | Entered Level 10 of the Dungeon
 10946 | D:10     | Gained mutation: You cannot study or cast Fire magic. [Ru
                  | sacrifice]
 10946 | D:10     | Gained mutation: You cannot study or cast Hexes magic. [Ru
                  | sacrifice]
 10946 | D:10     | Gained mutation: You cannot study or cast Summoning magic.
                  | [Ru sacrifice]
 10946 | D:10     | Reached ** piety under Ru
 11088 | D:10     | Noticed Harold
 11106 | D:10     | Killed Harold
 11316 | D:10     | Found a staircase to the Lair.
 11387 | D:10     | Reached skill level 5 in Evocations
 11405 | D:10     | Noticed a two-headed ogre
 11413 | D:10     | Killed a two-headed ogre
 11614 | D:10     | Noticed a two-headed ogre
 11618 | D:10     | Killed a two-headed ogre
 11957 | D:11     | Reached XP level 11. HP: 92/95 MP: 11/11
 11987 | D:11     | Upgraded the game from 0.32-a0-799-g95e1662365 to
                  | 0.32-a0-834-geaf45d8e21
 12117 | D:11     | Noticed an ice dragon
 12134 | D:11     | Killed an ice dragon
 12135 | D:11     | Reached skill level 13 in Unarmed Combat
 12439 | D:11     | Noticed a two-headed ogre
 12448 | D:11     | Killed a two-headed ogre
 13097 | D:11     | Found a staircase to the Orcish Mines.
 13609 | D:12     | Noticed a merfolk aquamancer
 13610 | D:12     | Noticed a merfolk aquamancer
 13825 | D:12     | Killed a merfolk aquamancer
 13826 | D:12     | Reached skill level 1 in Throwing
 13837 | D:12     | Noticed Erolcha
 13844 | D:12     | Killed Erolcha
 13847 | D:12     | Killed a merfolk aquamancer
 14016 | D:12     | Noticed Snorg
 14322 | D:12     | Killed Snorg
 14710 | D:12     | Noticed a two-headed ogre
 14716 | D:12     | Killed a two-headed ogre
 14853 | D:12     | Identified the +1 cloak of Life {rCorr}
 14927 | D:12     | Noticed a centaur warrior
 14937 | D:12     | Killed a centaur warrior
 15012 | D:12     | Gained mutation: You cannot be stealthy. [Ru sacrifice]
 15012 | D:12     | Reached *** piety under Ru
 15364 | D:12     | Reached XP level 12. HP: 96/106 MP: 12/12
 15430 | D:12     | Reached skill level 10 in Fighting
 15593 | D:12     | Reached skill level 14 in Unarmed Combat
 15883 | Lair:1   | Entered Level 1 of the Lair of Beasts
 15929 | Lair:1   | Found the +2 pair of slick slippers {slick, slippery, EV+4}
 16422 | Lair:1   | Identified the ring of Fang {Ice ^Drain +Blink Str+3
                  | Stlth+}
 17137 | Lair:2   | Reached skill level 10 in Shapeshifting
 17499 | Lair:2   | Gained mutation: You are inexperienced. (-2 XL) [Ru
                  | sacrifice]
 17499 | Lair:2   | Reached XP level 11. HP: 95/101 MP: 11/11
 17499 | Lair:2   | Reached **** piety under Ru
 17520 | Lair:2   | Found a staircase to the Snake Pit.
 18498 | Lair:3   | Found a staircase to the Swamp.
 18732 | Lair:3   | Identified the +0 scale mail of Weightlessness {rF+}
 18912 | Lair:3   | Upgraded the game from 0.32-a0-834-geaf45d8e21 to
                  | 0.32-a0-841-g4648e6c457
 19443 | Lair:4   | Reached XP level 12. HP: 110/110 MP: 12/12
 19450 | Lair:4   | Reached skill level 10 in Dodging
 19559 | Lair:4   | Found a viscous altar of Jiyva.
 19559 | Lair:4   | Found a staircase to the Slime Pits.
 19658 | Lair:4   | Noticed Josephine
 19666 | Lair:4   | Killed Josephine
 19891 | Lair:5   | Entered Level 5 of the Lair of Beasts
 20541 | Lair:5   | Gained mutation: You are hated by all. [Ru sacrifice]
 20541 | Lair:5   | Reached ***** piety under Ru
 20883 | Lair:5   | Found a corrupted altar of Lugonu.
 20883 | Lair:5   | Found a one-way gate to the infinite horrors of the Abyss.
 21896 | Orc:1    | Entered Level 1 of the Orcish Mines
 22127 | Orc:2    | Entered Level 2 of the Orcish Mines
 22434 | Orc:2    | Found a staircase to the Elven Halls.
 22868 | Orc:2    | Found Vuon Kuh's Book Emporium.
 22984 | Orc:2    | Found Githeo's Book Shop.
 22986 | Orc:2    | Found Orghac's Jewellery Shop.
 22996 | Orc:2    | Upgraded the game from 0.32-a0-841-g4648e6c457 to
                  | 0.32-a0-871-ge202e49faa
 23013 | Orc:2    | Found Joaleur's Book Boutique.
 23014 | Orc:2    | Noticed an orc warlord
 23014 | Orc:2    | Upgraded the game from 0.32-a0-871-ge202e49faa to
                  | 0.32-a0-872-g59262bdc9b
 23014 | Orc:2    | Upgraded the game from 0.32-a0-872-g59262bdc9b to
                  | 0.32-a0-933-ga8fa3634e4
 23021 | Orc:2    | Reached XP level 13. HP: 35/119 MP: 7/13
 23042 | Orc:2    | Reached skill level 15 in Unarmed Combat
 23744 | Orc:2    | Bought a book of Battle for 352 gold pieces
 23748 | Orc:2    | Learned a level 3 spell: Fugue of the Fallen
 23752 | Orc:2    | Learned a level 3 spell: Ozocubu's Armour
 23896 | D:13     | Found a gate to the Vaults.
 23906 | D:13     | Reached skill level 1 in Necromancy
 23906 | D:13     | Reached skill level 1 in Ice Magic
 24076 | D:13     | Found a frozen archway.
 24083 | IceCv    | Entered an ice cave
 24491 | IceCv    | Found an ancient bone altar of Kikubaaqudgha.
 25038 | D:13     | Reached skill level 5 in Necromancy
 25051 | D:13     | Noticed Urug
 25055 | D:13     | Killed Urug
 25623 | D:13     | Noticed Frances
 25632 | D:13     | Killed Frances
 26030 | D:13     | Identified the +2 flail of Avi Xusiwa {speed, rPois rC- rN+
                  | Int+3}
 26207 | Orc:2    | Bought the ring "Itotheaq" {rPois Will+ Str+3 Int+4} for
                  | 804 gold pieces
 26403 | D:14     | Noticed Agnes
 26414 | D:14     | Killed Agnes
 26826 | D:14     | Reached skill level 5 in Ice Magic
 27453 | D:15     | Entered Level 15 of the Dungeon
 27466 | D:15     | Found Wiprull's Serpentskin Sales.
 27594 | D:15     | Found a gate leading to a gauntlet.
 27609 | Gauntlet | Entered a Gauntlet
 27609 | Gauntlet | Found a transporter.
 27609 | Gauntlet | Found a transporter.
 27745 | Gauntlet | Found a transporter.
 27764 | Gauntlet | Found a transporter.
 27765 | Gauntlet | Found a transporter.
 27767 | Gauntlet | Found a transporter.
 27768 | Gauntlet | Found a transporter.
 27768 | Gauntlet | Found a transporter.
 27784 | Gauntlet | Found a transporter.
 27794 | Gauntlet | Found a transporter.
 27807 | Gauntlet | Found a transporter.
 27822 | Gauntlet | Found a transporter.
 27847 | Gauntlet | Found a transporter.
 27848 | Gauntlet | Found a runed translucent door.
 27867 | Gauntlet | Found a transporter.
 27941 | Gauntlet | Identified the -1 hat of Uqoitij {rElec rPois rC- Str+5}
 28038 | Gauntlet | Learned a level 4 spell: Dispel Undead
 28038 | Gauntlet | Identified the +2 hat of Theory {^Contam Will+++ rCorr
                  | SInv}
 28657 | D:15     | Reached XP level 14. HP: 119/129 MP: 15/15
 28887 | D:15     | Reached skill level 1 in Spellcasting
 29071 | D:15     | Found a staircase to the Depths.
 29434 | Snake:1  | Entered Level 1 of the Snake Pit
 29655 | Snake:1  | You fall into a shaft and drop 1 floor!
 29867 | Snake:2  | Noticed Vashnia
 29869 | Snake:2  | HP: 5/111 [Vashnia/bolt (28)]
 29871 | Snake:2  | Shot with a bolt by Vashnia

Illustrated notes

Levels and vault maps discovered:
D:1:      dpeg_arrival_pond, layout_loops_ring
D:2:      layout_rooms, minmay_tiny_reverse_x
D:3:      layout_rooms
D:4:      wad_woods_stonehenge, layout_gridville, serial_shops,
          nicolae_shop_rolling_square, mainiacjoe_ossuary_entry_find_the_door,
          uniq_ijyb, uniq_robin, uniq_grinder
D:5:      layout_loops_cross, minmay_overflow_temple_hex, serial_shops,
          nicolae_stop_n_shop_2, gammafunk_ghost_arena
D:6:      layout_rooms, minmay_temple_entry_trees, serial_shops,
          nicolae_shop_advertising_works [nicolae_subvault_shop_adworks]
D:7:      layout_cave_pods, nemelex_diamond_rough_becter, uniq_pikel
D:8:      nzn_winding_woodlands_small [nzn_winding_woodlands_5x15_pool,
          nzn_winding_woodlands_center_triple_pond,
          nzn_winding_woodlands_5x15_jagged], layout_basic,
          grunt_dithmenos_shadows
D:9:      layout_roguey, enter_bailey_3, uniq_jeremiah
D:10:     layout_loops_ring, due_lair_maze_entry_diamond,
          kennysheep_generic_room_10, uniq_harold
D:11:     minmay_coctagon, layout_loops_corners, orc_0_dummy, hex_medium,
          minivault_5
D:12:     layout_grid_maze, dreamdust_wishing_well, nicolae_splish_splash,
          uniq_erolcha, uniq_snorg
D:13:     layout_loops_ring, erik_vaults_2, portal_ice_cave_entry_pillars_1,
          uniq_frances, uniq_urug
D:14:     layout_basic, serial_glass, glass_columns_b, glass_columns_b,
          uniq_agnes
D:15:     grunt_enter_depths_magical_seal, layout_long_grid,
          serial_library_hellmonk_long_bookcase, gauntlet_entry_generic,
          guppyfry_shop_venom
Lair:1:   layout_small_grid, grunt_megastairs_1
Lair:2:   layout_concentric_octagons, dummy_snake_entry
Lair:3:   layout_roguey, palyth_hydra_swamp_entry, infiniplex_staircase_pool_2,
          grunt_megastairs_5
Lair:4:   layout_roguey [special_room_mythical_zoo], slime_entry_1,
          kennysheep_catoblepas_arena, uniq_josephine
Lair:5:   hellmonk_lair_end_abyssal_woods, layout_regular_city
Snake:1:  nicolae_snake_unarmed_stairs_patrol, layout_basic,
          nicolae_shop_self_help, lemuel_fruit_tree
Snake:2:  nicolae_snake_crotalidae_crossing, layout_misc_corridors,
          serial_shops, nicolae_shop_trees, nicolae_snake_scaly_snakehead,
          uniq_mlioglotl, uniq_vashnia, uniq_aizul
Orc:1:    layout_diamond_mine, nicolae_orc_damp_corner
Orc:2:    hellmonk_orc_salted, layout_caves

Skill      XL: |  1  2  3  4  5  6  7  8  9 10 11 12 13 14 |
---------------+-------------------------------------------+-----
Unarmed Combat | 4 6 8 9 10 11 12 13 14 15 | 15.2
Dodging        | 3 6 7 8 11 | 11.4
Fighting       | 3 7 8 11 12 13 | 13.3
Shapeshifting  | 4 8 11 13 | 13.3
Evocations     | 5 7 |  7.3
Throwing       | 2 3 4 |  4.2
Necromancy     | 7 |  7.2
Ice Magic      | 6 |  6.1
Spellcasting   | 2 |  2.1

Action                     |  1- 3 |  4- 6 |  7- 9 | 10-12 | 13-15 || total
---------------------------+-------+-------+-------+-------+-------++-------
  Melee: Unarmed           |    94 |   189 |   405 |  1349 |   414 ||  2451
         Tailslap          |    10 |    28 |    60 |   220 |    71 ||   389
         Punch             |     2 |     7 |    15 |    41 |    31 ||    96
  Throw: Stone             |       |       |       |     4 |       ||     4
   Cast: Fugue of the Fall |       |       |       |       |    10 ||    10
         Ozocubu's Armour  |       |       |       |       |     6 ||     6
 Invoke: Sacrifice Experie |       |       |     1 |     1 |       ||     2
         Sacrifice Arcana  |       |       |       |     1 |       ||     1
         Sacrifice Stealth |       |       |       |     1 |       ||     1
         Power Leap        |       |       |       |     2 |     1 ||     3
         Reject Sacrifices |       |       |       |     1 |     1 ||     2
         Sacrifice Love    |       |       |       |     1 |       ||     1
         Draw Out Power    |       |       |       |       |     1 ||     1
         Apocalypse        |       |       |       |       |     1 ||     1
Ability: Combustion Breath |       |       |    12 |    11 |    10 ||    33
         Evoke Blink       |       |       |       |       |     1 ||     1
  Evoke: Wand              |       |       |     4 |    20 |    14 ||    38
         Lightning rod     |       |       |       |     2 |     2 ||     4
    Use: Scroll            |       |     3 |    11 |     9 |    11 ||    34
         Potion            |       |     2 |     3 |     1 |     3 ||     9
   Stab: Sleeping          |       |     1 |       |       |       ||     1
         Distracted        |       |       |       |     2 |       ||     2
         Invisible         |       |       |       |     2 |     7 ||     9
 Armour: Skin              |    51 |   109 |   254 |   539 |   199 ||  1152
  Dodge: Dodged            |    41 |    96 |   186 |  1025 |   279 ||  1627
   Form: Flux              |       |       |     1 |       |       ||     1
         Blade             |       |       |       |     1 |       ||     1

Table legend: (Time is in decaauts)
 A = Elapsed time spent in this place.
 B = Non-inter-level travel time spent in this place.
 C = Inter-level travel time spent in this place.
 D = Time resting spent in this place.
 E = Time spent auto-exploring this place.
 F = Levels seen in this place.
 G = Mean time per level.
                   A        B        C        D        E       F      G
               +--------+--------+--------+--------+--------+-----+--------+
         Total |  29358 |  27294 |   2064 |   4974 |  17622 |  28 | 1048.5 |
       Dungeon |  18391 |  17176 |   1215 |   3353 |  11246 |  15 | 1226.1 |
          Lair |   6092 |   5592 |    500 |    359 |   4233 |   5 | 1218.4 |
     Snake Pit |    421 |    414 |      7 |    304 |     23 |   2 |  210.5 |
  Orcish Mines |   1755 |   1414 |    341 |    248 |    945 |   2 |  877.5 |
       Ossuary |    467 |    467 |      0 |    116 |    189 |   1 |  467.0 |
        Bailey |    622 |    622 |      0 |     37 |    422 |   1 |  622.0 |
      Ice Cave |    861 |    861 |      0 |    354 |    288 |   1 |  861.0 |
      Gauntlet |    745 |    745 |      0 |    202 |    275 |   1 |  745.0 |
               +--------+--------+--------+--------+--------+-----+--------+

Top non-repeatable levels by time:
    D:12: 2097 daAuts
    D:11: 1887 daAuts
     D:8: 1730 daAuts
  Lair:5: 1692 daAuts
     D:4: 1620 daAuts
   Orc:2: 1455 daAuts
     D:7: 1423 daAuts
     D:5: 1397 daAuts
    D:13: 1371 daAuts
  Lair:1: 1203 daAuts
  Lair:4: 1168 daAuts
    D:10: 1139 daAuts
    D:14: 1138 daAuts
    D:15: 1045 daAuts
  Lair:2: 1029 daAuts
